 Dungeon Crawl Stone Soup version 0.25-a0-339-gb37b713d4c (webtiles) character file.

Game seed: 17301411837216298050, levelgen mode: deterministic

3952 Iscandelvey the Vexing (level 10, -2/76 HPs)
             Began as a Demonspawn Arcane Marksman on Dec 28, 2019.
             Was a Believer of Kikubaaqudgha.
             Killed from afar by a wizard (20 damage)
             ... with a bolt of cold
             ... on level 9 of the Dungeon.
             The game lasted 01:04:18 (10525 turns).

Iscandelvey the Vexing (DsAM)                      Turns: 10525, Time: 01:04:19

Health: -2/76      AC: 14    Str: 12    XL:     10   Next: 2%
Magic:  14/18      EV: 12    Int: 17    God:    Kikubaaqudgha [**....]
Gold:   322        SH:  0    Dex: 13    Spells: 5/20 levels left

rFire    + . .     SeeInvis .   N - +4 scimitar
rCold    . . .     Gourm    .   (no shield)
rNeg     . . .     Faith    .   W - +4 ring mail
rPois    .         Spirit   .   (helmet restricted)
rElec    .         Reflect  .   x - +0 cloak
rCorr    .         Harm     .   E - +0 pair of gloves
MR       .....                  (no boots)
Stlth    +.........             (no amulet)
HPRegen  0.22/turn              B - ring of protection from fire
MPRegen  0.16/turn              L - ring of flight

@: no status effects
A: horns 2, molten scales 2, powered by death 2
a: Receive Corpses, Renounce Religion, Evoke Flight


You were on level 9 of the Dungeon.
You worshipped Kikubaaqudgha.
Kikubaaqudgha was pleased with you.
You were hungry.

You visited 2 branches of the dungeon, and saw 10 of its levels.

You collected 382 gold pieces.
You spent 60 gold pieces at shops.

Inventory:

Hand Weapons
 a - a +0 hunting sling
 j - a +0 whip of venom
 s - a +2 dagger of electrocution
 D - a +0 shortbow
 N - a +4 scimitar (weapon)
 V - a +1 spear of venom
Missiles
 d - 90 sling bullets
 i - 207 stones
 n - 29 bolts
 v - 83 arrows
 A - 74 poisoned darts (quivered)
 H - 8 atropa-tipped darts
 K - 3 boomerangs
 Y - a throwing net
Armour
 p - a +0 leather armour of cold resistance
 x - a +0 cloak (worn)
 E - a +0 pair of gloves (worn)
 Q - a +2 robe
 W - a +4 ring mail (worn)
Magical Staves
 G - an uncursed staff of cold
Jewellery
 B - a ring of protection from fire (left hand)
 L - a ring of flight (right hand)
 P - an uncursed ring of resist corrosion
Wands
 g - a wand of scattershot (4)
 y - a wand of polymorph (6)
 C - a wand of random effects (41)
 R - a wand of flame (14)
Scrolls
 c - 3 scrolls of fog {unknown}
 e - 3 scrolls of remove curse
 h - a scroll of amnesia {unknown}
 m - 10 scrolls of identify {unknown}
 o - 7 scrolls of teleportation
 I - a scroll of magic mapping {unknown}
 M - 3 scrolls of noise {unknown}
 X - a scroll of holy word {unknown}
Potions
 b - 2 potions of mutation {unknown}
 f - a potion of cancellation {unknown}
 k - 3 potions of curing
 l - a potion of invisibility {unknown}
 r - 2 potions of resistance {unknown}
 t - a potion of lignification {unknown}
 u - a potion of heal wounds {unknown}
 w - a potion of brilliance {unknown}
 z - a potion of might {unknown}
 F - 2 potions of flight {unknown}
 J - a potion of magic {unknown}
 O - 2 potions of haste {unknown}
 U - a potion of degeneration {unknown}
 Z - 3 potions of agility {unknown}
Comestibles
 q - 18 rations


   Skills:
 + Level 5.9 Fighting
 - Level 1.3 Maces & Flails
 - Level 2.3(4.1) Slings
 * Level 5.3(5.5) Throwing
 * Level 2.9 Armour
 + Level 4.2 Dodging
 + Level 2.5 Stealth
 * Level 5.8 Spellcasting
 * Level 2.2 Conjurations
 - Level 6.0 Hexes
 * Level 4.4 Necromancy


You had 5 spell levels left.
You knew the following spells:

 Your Spells              Type           Power        Failure   Level  Hunger
a - Corona                Hex            ####...      2%          1    None
b - Slow                  Hex            ####....     3%          2    #......
c - Cause Fear            Hex            ####......   24%         4    ####...
d - Regeneration          Chrm/Necr      ##........   34%         3    ##.....
e - Sublimation of Blood  Necr           ###.......   7%          2    #......
f - Conjure Flame         Conj/Fire      #.......     50%         3    ##.....

Your spell library contained the following spells:

 Spells                   Type           Power        Failure   Level  Hunger
 Pain                     Necr           ###.         4%          1    None
 Corpse Rot               Necr/Air       N/A          19%         2    #......
 Inner Flame              Hex/Fire       ###.....     26%         3    ##.....
 Portal Projectile        Hex/Tloc       ###...       26%         3    ##.....
 Poisonous Vapours        Pois/Air       #.....       41%         2    #......
 Mephitic Cloud           Conj/Pois/Air  #.......     54%         3    ##.....
 Leda's Liquefaction      Hex/Erth       ###.......   63%         4    ####...
 Freezing Cloud           Conj/Ice/Air   #.........   100%        6    #######
 Ring of Flames           Chrm/Fire      #.........   100%        7    #######


Dungeon Overview and Level Annotations

Branches:
Dungeon (9/15)             Temple (1/1) D:4
   Lair: D:8-11         Orc: D:9-12

Altars:
Ashenzari
Cheibriados
Dithmenos
Fedhas
Gozag
Hepliaklqana
Kikubaaqudgha
Makhleb
Okawaru
Qazlal
Ru
Sif Muna
Trog
Uskayaw
Vehumet
Xom
Yredelemnul
Zin
The Shining One

Shops:
D:6 *

Annotations:
D:7 3 runed translucent doors, LostGamesStreakFreak's ghost, novice MiFi
D:8 floatRand's ghost, novice DsFi


Innate Abilities, Weirdness & Mutations

You have a pair of horns on your head.
You are mostly covered in molten scales. (AC +3)
You regenerate health from kills.


Message History

You hit the wizard but do no damage. You headbutt the wizard!
The wizard is moderately wounded.
The wizard hits you with a +0 dagger.
The wizard gestures at you while chanting.
The crystal spear hits you!!!
Ouch! That really hurt!
* * * LOW HITPOINT WARNING * * *
Press: ? - help, v - describe, . - travel
Here: a wizard, wielding a +0 dagger and wearing a +0 robe (moderately wounded, fast)
An open door.
Casting: Corona (safe; 2% risk of failure)
Confirm with . or Enter, or press ? or * to list all spells.
The wizard resists with almost no effort.
The orc looks frightened!
The orc resists with almost no effort.
The bullfrog easily resists.
You are feeling hungry.
The wizard casts a spell at you. The bolt of cold hits you!!
You die...
Kikubaaqudgha rasps: "You have failed me!
Welcome... death!"

#.#.#.#.######..
#.#.#.......##..
#.#.#...###.##..
#.#.#...###.##..
#.#.#.....#.####
#.#.#.#.#.#.....
###.#.#...#.......
#...#......###....
#@#.#.......##...<
######p###.......##....
#....ooF.#.......##....
#....)†..#.......##....
#........#......###....
#........#.............
########
##+#######.#.#.########
.......# #.._......#
######.# #.#.#.###.#


You could see a wizard, a bullfrog and 2 orcs.

Vanquished Creatures
  Joseph (D:8)
  A tengu conjurer (D:8)
  Grinder (D:6)
  Sigmund (D:3)
  Eustachio (D:6)
  A sky beast (D:7)
  An eye of draining (D:9)
  2 phantoms (D:8)
  6 ogres
  2 centaurs (D:5)
  A gnoll sergeant (D:7)
  Blork the orc (D:6)
  3 bullfrogs
  2 scorpions (D:6)
  3 killer bees (D:8)
  3 wights
  A crimson imp (D:5)
  3 quasits
  2 bullfrog zombies
  2 hounds
  2 orc wizards
  3 orc priests
  A jelly (D:5)
  3 iguanas
  Natasha (thrice) (D:3)
  10 worker ants
  A hound skeleton (D:7)
  A howler monkey zombie (D:8)
  A worker ant zombie (D:5)
  12 adders
  20 gnolls
  4 shadow imps
  2 adder skeletons
  5 worms
  3 dart slugs
  4 leopard geckos
  11 orcs
  3 ball pythons
  5 giant cockroaches
  6 goblins
  6 hobgoblins
  8 jackals
  2 quokkas
  3 bats
  3 frilled lizards (D:2)
  2 giant cockroach zombies (D:5)
  5 kobolds
  A leopard gecko skeleton (D:6)
  A quokka skeleton (D:8)
  12 rats
181 creatures vanquished.

Notes
Turn   | Place    | Note
-------+----------+-------------------------------------------
     0 | D:1      | Iscandelvey the Demonspawn Arcane Marksman began the quest
                  | for the Orb.
     0 | D:1      | Reached XP level 1. HP: 15/15 MP: 2/2
    52 | D:1      | Gained mutation: You regenerate a little health from kills.
                  | [demonic ancestry]
    52 | D:1      | Reached XP level 2. HP: 13/21 MP: 3/3
   189 | D:1      | Learned a level 2 spell: Slow
   656 | D:1      | Gained mutation: You have a pair of small horns on your
                  | head. [demonic ancestry]
   656 | D:1      | Reached XP level 3. HP: 13/26 MP: 4/4
  1557 | D:2      | Reached skill level 1 in Armour
  1665 | D:1      | Reached XP level 4. HP: 18/32 MP: 1/6
  1977 | D:2      | Reached skill level 1 in Maces & Flails
  2117 | D:2      | Gained mutation: You are partially covered in molten
                  | scales. (AC +2) [demonic ancestry]
  2117 | D:2      | Reached XP level 5. HP: 32/38 MP: 2/7
  2276 | D:2      | Reached skill level 4 in Hexes
  2630 | D:3      | Noticed Sigmund
  2657 | D:3      | Killed Sigmund
  2657 | D:3      | Reached skill level 1 in Throwing
  2657 | D:3      | Gained mutation: You have a pair of horns on your head.
                  | [demonic ancestry]
  2657 | D:3      | Reached XP level 6. HP: 46/46 MP: 1/9
  2863 | D:3      | Noticed Natasha
  2874 | D:3      | Killed Natasha
  3172 | D:3      | Noticed Natasha
  3179 | D:3      | Killed Natasha
  3238 | D:3      | Noticed Natasha
  3283 | D:3      | Killed Natasha
  3473 | D:4      | Learned a level 4 spell: Cause Fear
  3557 | D:4      | Found a staircase to the Ecumenical Temple.
  3603 | D:4      | Reached XP level 7. HP: 52/52 MP: 7/11
  3665 | Temple   | Entered the Ecumenical Temple
  3671 | Temple   | Became a worshipper of Kikubaaqudgha
  4064 | D:4      | Found a bloodstained altar of Trog.
  4229 | D:5      | Entered Level 5 of the Dungeon
  4406 | D:5      | Reached skill level 5 in Hexes
  5188 | D:5      | Reached XP level 8. HP: 9/60 MP: 3/13
  5721 | D:6      | Noticed Grinder
  6359 | D:6      | Reached skill level 6 in Hexes
  6475 | D:6      | Noticed Eustachio
  6497 | D:6      | Killed Eustachio
  6497 | D:6      | Reached skill level 1 in Necromancy
  6609 | D:6      | Found a glowing golden altar of the Shining One.
  6694 | D:6      | Noticed Blork the orc
  6714 | D:6      | Killed Blork the orc
  6744 | D:6      | Reached skill level 5 in Fighting
  6794 | D:6      | Reached * piety under Kikubaaqudgha
  6794 | D:6      | Identified Kikubaaqudgha's Tome of Sinister Rites
                  | (Kikubaaqudgha gifted it to you on level 6 of the Dungeon)
  6794 | D:6      | Received a gift from Kikubaaqudgha
  6811 | D:6      | Learned a level 3 spell: Regeneration
  6814 | D:6      | Learned a level 2 spell: Sublimation of Blood
  6896 | D:6      | Found Dearph's General Store.
  6899 | D:6      | Bought a scroll of teleportation for 30 gold pieces
  6899 | D:6      | Bought a scroll of remove curse for 30 gold pieces
  6939 | D:6      | Paralysed by Grinder for 6 turns
  6964 | D:6      | Killed Grinder
  7274 | D:7      | Gained mutation: You regenerate health from kills. [demonic
                  | ancestry]
  7274 | D:7      | Reached XP level 9. HP: 52/68 MP: 16/16
  7296 | D:7      | Reached skill level 1 in Stealth
  7395 | D:7      | Found a runed translucent gate.
  7397 | D:7      | Found a runed translucent gate.
  7411 | D:7      | Reached skill level 5 in Spellcasting
  8050 | D:7      | Learned a level 3 spell: Conjure Flame
  8168 | D:7      | Found a runed translucent gate.
  8170 | D:7      | Noticed LostGamesStreakFreak's ghost (novice MiFi)
  8888 | D:8      | Reached skill level 1 in Conjurations
  8986 | D:8      | Noticed floatRand's ghost (novice DsFi)
  9210 | D:8      | Noticed Joseph
  9248 | D:8      | Killed Joseph
  9248 | D:8      | Reached skill level 5 in Throwing
  9599 | D:8      | Noticed a tengu conjurer
  9612 | D:8      | Killed a tengu conjurer
  9704 | D:9      | Found a shimmering altar of Xom.
  9912 | D:9      | Reached ** piety under Kikubaaqudgha
  9991 | D:9      | Found a hazy altar of Hepliaklqana.
 10333 | D:9      | Found a glowing golden altar of the Shining One.
 10346 | D:9      | Gained mutation: You are mostly covered in molten scales.
                  | (AC +3) [demonic ancestry]
 10346 | D:9      | Reached XP level 10. HP: 65/76 MP: 18/18
 10517 | D:9      | Noticed a wizard
 10525 | D:9      | Killed from afar by a wizard

Levels and vault maps discovered:
D:1:      mainiacjoe_arrival_reflecting_pool, layout_basic,
          wander_ebering_terrifying_dragon_lair
D:2:      layout_rooms
D:3:      layout_basic, palyth_stone_intersect, uniq_sigmund, uniq_natasha
D:4:      minmay_spotlight, layout_cave_pools, bloody_trog, temple_statues,
          grunt_ministairs_6
D:5:      layout_cave_pools, first_ration
D:6:      layout_layer_cave, serial_shops, kennysheep_mini_moat, tso_altar,
          uniq_blork_the_orc, uniq_grinder, uniq_eustachio
D:7:      layout_gridville, gammafunk_ghost_necromancy, grunt_ogre_cave
D:8:      cheibrodos_two_vegetables, layout_basic, gammafunk_ghost_hive,
          minmay_crystal_water, uniq_joseph
D:9:      layout_basic, lemuel_crystal_altar, lemuel_round_altar,
          nicolae_overflow_hidden_temple, basic_altar, laboratory
Temple:   eino_temple_rhombus

Skill      XL: |  1  2  3  4  5  6  7  8  9 |
---------------+----------------------------+-----
Slings         | 2 |  2.3
Armour         | 1 2 |  2.9
Dodging        | 2 3 4 |  4.2
Maces & Flails | 1 |  1.3
Hexes          | 4 5 6 |  6.0
Spellcasting   | 2 3 4 5 |  5.8
Fighting       | 2 3 4 5 |  5.9
Throwing       | 1 2 3 4 5 |  5.3
Necromancy     | 2 4 |  4.4
Stealth        | 2 |  2.5
Conjurations   | 2 |  2.2

Action                   |  1- 3 |  4- 6 |  7- 9 | 10-12 || total
-------------------------+-------+-------+-------+-------++-------
Melee: Whip              |    74 |   161 |   149 |       ||   384
       Headbutt          |     7 |    18 |    74 |     1 ||   100
       Scimitar          |       |       |   222 |     4 ||   226
       Dagger            |       |       |    61 |       ||    61
 Fire: Hunting sling     |    27 |    17 |    39 |       ||    83
Throw: Stone             |     3 |    27 |     1 |       ||    31
       Dart              |       |     6 |    44 |       ||    50
       Boomerang         |       |       |    10 |       ||    10
 Cast: Slow              |    11 |    17 |    38 |       ||    66
       Corona            |     5 |     7 |    22 |       ||    34
       Cause Fear        |       |       |     6 |     1 ||     7
       Regeneration      |       |       |     1 |       ||     1
 Abil: Evoke Flight      |       |       |     1 |       ||     1
  Use: Potion            |     1 |       |     4 |       ||     5
       Scroll            |       |       |     1 |       ||     1
 Stab: Sleeping          |       |       |     1 |       ||     1
  Eat: Ration            |     1 |       |       |       ||     1
       Chunk             |       |     7 |    26 |       ||    33
Armor: Robe              |     1 |       |    31 |       ||    32
       Leather armour    |    23 |    49 |    76 |       ||   148
       Skin              |       |     3 |       |       ||     3
       Ring mail         |       |       |    88 |     7 ||    95
Dodge: Dodged            |    57 |   119 |   374 |     8 ||   558
       Rpst.: Scimitar   |       |       |    47 |     2 ||    49

Table legend:
 A = Non-vault XP
 B = Vault XP
 C = Vault XP percentage of total XP
 D = Non-vault monster count
 E = Vault monster count
 F = Vault count percentage of total count
                 A         B        C        D         E       F
            +---------+---------+-------+---------+---------+-------
      Total |    3891 |    1755 |  31.1 |     170 |      11 |   6.1
            +---------+---------+-------+---------+---------+-------
        D:1 |      87 |       3 |   3.3 |      23 |       1 |   4.2
        D:2 |     164 |       0 |   0.0 |      34 |       0 |   0.0
        D:3 |     136 |     243 |  64.1 |      12 |       2 |  14.3
        D:4 |      84 |     121 |  59.0 |      11 |       1 |   8.3
        D:5 |     871 |       0 |   0.0 |      24 |       0 |   0.0
        D:6 |     537 |     549 |  50.6 |      18 |       3 |  14.3
        D:7 |     948 |     121 |  11.3 |      28 |       1 |   3.4
        D:8 |     661 |     718 |  52.1 |      11 |       3 |  21.4
        D:9 |     403 |       0 |   0.0 |       9 |       0 |   0.0
            +---------+---------+-------+---------+---------+-------
